 Dungeon Crawl Stone Soup version 0.22-a0-247-gbddf880 (webtiles) character file.

585 Amnesiac the Digger (level 7, -1/36 HPs)
             Began as a Deep Elf Earth Elementalist on Feb 25, 2018.
             Was a Follower of Sif Muna.
             Slain by a gnoll
             ... wielding a +1 whip of electrocution
              (15 damage)
             ... on level 4 of the Dungeon.
             The game lasted 00:08:16 (2369 turns).

Amnesiac the Digger (Deep Elf Earth Elementalist)   Turns: 2369, Time: 00:08:17

Health: -1/36      AC:  2    Str:  5    XL:     7   Next: 14%
Magic:  1/18       EV: 13    Int: 22    God:    Sif Muna [*.....]
Gold:   241        SH:  0    Dex: 15    Spells: 3/18 levels left

rFire    + . .     SeeInvis .   (no weapon)
rCold    . . .     Gourm    .   (no shield)
rNeg     . . .     Faith    .   c - +0 robe
rPois    .         Spirit   .   (no helmet)
rElec    .         Reflect  .   (no cloak)
rCorr    .         Harm     .   (no gloves)
MR       +....                  (no boots)
Stlth    ++........             i - amulet of magic regeneration
HPRegen  0.12/turn              s - ring of protection from fire
MPRegen  0.41/turn              u - ring of protection from magic

@: no casting
A: no striking features
a: Stop Divine Energy, Renounce Religion


You were on level 4 of the Dungeon.
You worshipped Sif Muna.
Sif Muna was aware of your devotion.
You were not hungry.

You visited 2 branches of the dungeon, and saw 5 of its levels.

You collected 241 gold pieces.

Inventory:

Missiles
 b - 14 stones (quivered)
 p - 31 poisoned needles
 r - a throwing net
Armour
 c - a +0 robe (worn)
 w - a +0 pair of gloves
 y - a +0 pair of gloves
Jewellery
 f - an uncursed ring of positive energy {unknown}
 i - an amulet of magic regeneration (around neck)
 s - a ring of protection from fire (left hand)
 t - an uncursed ring of fire
 u - a ring of protection from magic (right hand)
 v - an uncursed ring of ice
Scrolls
 a - 3 scrolls of identify {!r}
 e - a scroll of blinking {!r, unknown}
 l - 3 scrolls of teleportation {!r, unknown}
 m - a scroll of noise {!r, unknown}
 n - a scroll of amnesia {!r, unknown}
 o - a scroll of remove curse {!r}
Potions
 g - 3 potions of curing {!q, unknown}
 h - a potion of heal wounds {!q}
 j - 3 potions of agility {!q}
 k - a potion of ambrosia {!q}
 q - a potion of berserk rage {!q, unknown}
Comestibles
 d - 6 rations
 x - 4 chunks of flesh


   Skills:
 - Level 2.4 Dodging
 - Level 2.4 Stealth
 + Level 6.4 Spellcasting
 - Level 1.1 Transmutations
 * Level 7.7 Earth Magic


You had 3 spell levels left.
You knew the following spells:

 Your Spells              Type           Power        Failure   Level  Hunger
a - Stone Arrow           Conj/Erth      ###...       5%          3    #......
b - Passwall              Tmut/Erth      ####......   2%          2    None
c - Sandblast             Erth           #####.       1%          1    None
d - Lee's Rapid Deconstr  Erth           #####.....   10%         5    #####..
e - Petrify               Tmut/Erth      ####....     14%         4    ###....


Dungeon Overview and Level Annotations

Branches:
Dungeon (4/15)             Temple (1/1) D:4

Altars:
Ashenzari
Cheibriados
Dithmenos
Elyvilon
Gozag
Hepliaklqana
Kikubaaqudgha
Makhleb
Nemelex Xobeh
Okawaru
Qazlal
Ru
Sif Muna
Trog
Vehumet
Wu Jian
Yredelemnul
Zin
The Shining One


Message History

The stone arrow hits the bullfrog skeleton.
The bullfrog skeleton is almost destroyed.
The bullfrog skeleton completely misses you.
The leopard gecko bites you. The bullfrog skeleton hits you.
The bullfrog skeleton hits you.
Casting: Stone Arrow (safe; 5% risk of failure)
Confirm with . or Enter, or press ? or * to list all spells.
Aiming: Stone Arrow (safe; 5% risk of failure)
Press: ? - help, Shift-Dir - straight line, f/p - bullfrog skeleton
Aim: a bullfrog skeleton (almost destroyed)
The stone arrow hits the bullfrog skeleton.
You destroy the bullfrog skeleton!
Sif Muna accepts your kill.
Casting: Stone Arrow (safe; 5% risk of failure)
Confirm with . or Enter, or press ? or * to list all spells.
Aiming: Stone Arrow (safe; 5% risk of failure)
Press: ? - help, Shift-Dir - straight line, f - leopard gecko
Aim: a leopard gecko (clinging)
The stone arrow hits the leopard gecko.
You kill the leopard gecko!
Sif Muna accepts your kill.
Casting: Stone Arrow (safe; 5% risk of failure)
Confirm with . or Enter, or press ? or * to list all spells.
Aiming: Stone Arrow (safe; 5% risk of failure)
Press: ? - help, Shift-Dir - straight line, f - gnoll
Aim: a gnoll, wielding a whip of electrocution The stone arrow misses the gnoll.
The stone arrow hits the gnoll.
You kill the gnoll!
Sif Muna accepts your kill. The gnoll closely misses you.
Casting: Stone Arrow (safe; 5% risk of failure)
Confirm with . or Enter, or press ? or * to list all spells.
Aiming: Stone Arrow (safe; 5% risk of failure)
Press: ? - help, Shift-Dir - straight line, f/p - gnoll
Aim: a gnoll, wielding a whip of electrocution The stone arrow misses the gnoll.
The gnoll hits you with a whip of electrocution.
Your magical contamination has completely faded away.
Casting: Stone Arrow (safe; 5% risk of failure)
Confirm with . or Enter, or press ? or * to list all spells.
Aiming: Stone Arrow (safe; 5% risk of failure)
Press: ? - help, Shift-Dir - straight line, f/p - gnoll
Aim: a gnoll, wielding a whip of electrocution The stone arrow misses the gnoll.
Sif Muna grants you divine energy.
You briefly lose access to your magic!
The gnoll misses you.
You are unable to access your magic!
You are unable to access your magic!
You are unable to access your magic!
You regain access to your magic.
Casting: Stone Arrow (safe; 5% risk of failure)
Confirm with . or Enter, or press ? or * to list all spells.
Aiming: Stone Arrow (safe; 5% risk of failure)
Press: ? - help, Shift-Dir - straight line, f/p - gnoll
Aim: a gnoll, wielding a whip of electrocution The stone arrow hits the gnoll.
The gnoll is severely wounded.
Sif Muna grants you divine energy.
You briefly lose access to your magic!
The gnoll hits you with a whip of electrocution!
* * * LOW HITPOINT WARNING * * *
You are electrocuted!
You die...

.. #.###.#####
################ ..
#......[..#
#.....).... ..
##........#
#.#.....### #
#........# #)#.g...#
#........# #.#.....#
#........# #†#..%..#
##.......# #.#.....#
#.#+#########.#######
##..........@g.#
#......#########
#......# #......#####
#..........#
##..>......#
#.........#
#.........#
#.........#


You could see a gnoll.

Vanquished Creatures
  A phantom (D:4)
  A howler monkey (D:4)
  A hound (D:4)
  2 orc priests
  A bullfrog skeleton (D:4)
  3 orc wizards (D:4)
  3 worker ants (D:4)
  2 gnolls (D:4)
  7 adders
  2 oozes
  2 worms
  A dart slug (D:1)
  3 leopard geckos
  12 orcs
  14 bats
  3 giant cockroaches
  9 goblins
  7 hobgoblins
  4 jackals
  4 kobolds
  2 ball pythons
  7 frilled lizards
  6 rats
97 creatures vanquished.

Notes
Turn   | Place    | Note
-------+----------+-------------------------------------------
     0 | D:1      | Amnesiac the Deep Elf Earth Elementalist began the quest for the Orb.
     0 | D:1      | Reached XP level 1. HP: 10/10 MP: 6/6
   297 | D:4      | Found a glowing golden altar of the Shining One.
   297 | D:4      | Found a snail-covered altar of Cheibriados.
   314 | D:4      | Noticed a howler monkey
   319 | D:4      | Killed a howler monkey
   319 | D:4      | Reached skill level 4 in Earth Magic
   319 | D:4      | Reached XP level 2. HP: 15/15 MP: 4/8
   319 | D:4      | Reached XP level 3. HP: 19/19 MP: 5/10
   368 | D:4      | Reached XP level 4. HP: 24/24 MP: 4/12
   420 | D:4      | Found an ancient bone altar of Kikubaaqudgha.
   471 | D:4      | Found a staircase to the Ecumenical Temple.
   488 | Temple   | Entered the Ecumenical Temple
   565 | Temple   | Became a worshipper of Sif Muna the Loreminder
   593 | D:4      | Reached skill level 5 in Earth Magic
   808 | D:1      | Reached XP level 5. HP: 20/28 MP: 10/14
  1244 | D:2      | Found a white marble altar of Elyvilon.
  1290 | D:2      | Reached skill level 5 in Spellcasting
  1290 | D:2      | Reached skill level 6 in Earth Magic
  1333 | D:2      | Reached * piety under Sif Muna
  1374 | D:2      | Learned a level 2 spell: Passwall
  1379 | D:2      | Learned a level 4 spell: Petrify
  1385 | D:2      | Learned a level 5 spell: Lee's Rapid Deconstruction
  1782 | D:2      | Found a sacrificial altar of Ru.
  1911 | D:3      | Reached XP level 6. HP: 32/32 MP: 10/15
  1989 | D:3      | Learned a level 3 spell: Stone Arrow
  2141 | D:4      | Reached skill level 7 in Earth Magic
  2315 | D:4      | Reached XP level 7. HP: 36/36 MP: 13/18
  2369 | D:4      | Slain by a gnoll

Vault maps used:
D:1:      minmay_arrival_semitransparent
D:2:      lemuel_doored_altar, nicolae_ru_the_path_less_chosen, first_ration
D:4:      grunt_temple_overflow_open, lemuel_round_altar,
          minmay_temple_entry_butterflies
Temple:   eino_temple_water

Skill      XL: |  1  2  3  4  5  6 |
---------------+-------------------+-----
Earth Magic    | 4 5 6 7 |  7.7
Spellcasting   | 4 5 6 |  6.4
Dodging        | |  2.4
Stealth        | |  2.4
Transmutations | |  1.1

Action                   |  1- 3 |  4- 6 |  7- 9 || total
-------------------------+-------+-------+-------++-------
Melee: Unarmed           |       |    11 |       ||    11
 Cast: Sandblast         |     9 |   104 |       ||   113
       Stone Arrow       |       |    14 |    12 ||    26
Invok: Divine Energy     |       |     1 |       ||     1
  Use: Scroll            |       |     8 |       ||     8
  Eat: Chunk             |       |     4 |     1 ||     5
Armor: Robe              |    15 |    11 |       ||    26
Dodge: Dodged            |    19 |    43 |     3 ||    65

Table legend:
 A = Spawn XP
 B = Non-spawn XP
 C = Spawn XP percentage of total XP
 D = Spawn monster count
 E = Non-spawn monster count
 F = Spawn count percentage of total count
 G = Total turns spent on level
                    A         B        C        D         E        F      G
               +---------+---------+-------+---------+---------+-------+---------
         Total |       0 |     836 |   0.0 |       0 |      97 |   0.0 |  2369
               +---------+---------+-------+---------+---------+-------+---------
           D:1 |       0 |      37 |   0.0 |       0 |      21 |   0.0 |   444
           D:2 |       0 |     126 |   0.0 |       0 |      30 |   0.0 |   917
           D:3 |       0 |     133 |   0.0 |       0 |      23 |   0.0 |   414
           D:4 |       0 |     540 |   0.0 |       0 |      23 |   0.0 |   500
               +---------+---------+-------+---------+---------+-------+---------
